 Dungeon Crawl Stone Soup version 0.26-a0-662-g8b9c6dab81 (webtiles) character file.

Game seed: 8029258677571724927

122 ringo67 the Bolt Thrower (level 5, -10/42 HPs)
             Began as a Barachi Hunter on Oct 9, 2020.
             Killed by divine providence
             ... invoked by an orc priest
              (11 damage)
             ... on level 3 of the Dungeon.
             The game lasted 00:05:10 (3194 turns).

ringo67 the Bolt Thrower (Barachi Hunter)           Turns: 3194, Time: 00:05:11

Health: -10/42     AC:  6    Str: 20    XL:     5   Next: 6%
Magic:  5/5        EV: 11    Int: 12    God:
Gold:   160        SH:  0    Dex: 12    Spells: 4/4 levels left

rFire    . . .     SeeInvis .   b - +3 falchion (holy)
rCold    . . .     Faith    .   (no shield)
rNeg     . . .     Spirit   .   p - +0 scale mail
rPois    .         Reflect  .   (no helmet)
rElec    .         Harm     .   (no cloak)
rCorr    .         Rampage  .   (no gloves)
MR       .....                  (no boots)
Stlth    ..........             (no amulet)
HPRegen  0.14/turn              n - +6 ring of strength
MPRegen  0.09/turn              (no ring)

@: slow
A: +LOS, swims, slowness 1, strong legs 1
a: Hop


You were on level 3 of the Dungeon.
You visited 1 branch of the dungeon, and saw 3 of its levels.

You collected 160 gold pieces.

Inventory:

Hand Weapons
 a - a +1 hand crossbow
 b - a +3 falchion of holy wrath (weapon)
 q - a +0 short sword
Missiles
 d - 18 bolts
 g - 99 arrows
Armour
 c - a +0 leather armour
 l - a +0 ring mail
 p - a +0 scale mail (worn)
Jewellery
 n - a +6 ring of strength (left hand)
Scrolls
 f - 4 scrolls of teleportation {unknown}
 i - a scroll of amnesia {unknown}
 j - 3 scrolls of remove curse {unknown}
 k - 3 scrolls of identify {unknown}
Potions
 e - a potion of curing {unknown}
 h - a potion of magic {unknown}
 m - 2 potions of heal wounds {unknown}
 o - a potion of mutation {unknown}
 r - a potion of ambrosia {unknown}


   Skills:
 + Level 4.0 Fighting
 + Level 0.2 Long Blades
 - Level 4.0 Crossbows
 + Level 2.9 Armour
 + Level 3.6 Dodging
 - Level 0.8 Stealth


You had 4 spell levels left.
You didn't know any spells.
Your spell library was empty.

Dungeon Overview and Level Annotations

Branches:
Dungeon (3/15)

Altars:
Gozag
Ru
Xom
Zin


Innate Abilities, Weirdness & Mutations

You can be seen from farther away. (+LOS)
You can swim through water.
You cover ground slowly.
You can hop short distances.


Message History

You hit the orc.
The orc is almost dead.
The orc hits you from afar with a +0 trident.
The orc priest casts a cantrip, but nothing happens.
The orc priest begins to cast a cantrip, but forgets the words!
The orc hits you but does no damage. The orc hits you but does no damage. x2
You see here 3 datura-tipped darts.
The orc closely misses you.
The orc hits you from afar with a +0 trident.
The orc priest looks satisfied for a moment.
The orc hits you from afar with a +0 trident.
The orc priest calls down the wrath of Beogh upon you.
Beogh smites you!
* * * LOW HITPOINT WARNING * * *
The orc hits you but does no damage.
There is a stone staircase leading up here.
The orc priest calls down the wrath of Beogh upon you.
Beogh smites you!
You die...

#..o.#####.................#
#o#### ###.................#
o.# #...o...............#
.## ...#......o....##...##
## ######.........###.#.#
#.......o...)# #.#.##
......##.....oo..# #.#..#
...#####.....o...# #.##.# .
...........@...# #....#
##...........<## ###..#
#####.........# #..#
#.........# #..# #.........#
#..# #.........# ##.###
#.........# #...#
##.......## #...# ##.....##
#...#


You could see an orc priest and 5 orcs.

Vanquished Creatures
  An iguana (D:3)
  Terence (D:2)
  3 adders (D:2)
  2 dart slugs
  2 leopard geckos
  4 orcs (D:3)
  2 bats
  A giant cockroach (D:2)
  4 goblins
  4 hobgoblins
  3 kobolds
  4 frilled lizards
  6 rats
37 creatures vanquished.

Notes
Turn   | Place    | Note
-------+----------+-------------------------------------------
     0 | D:1      | ringo67 the Barachi Hunter began the quest for the Orb.
     0 | D:1      | Reached XP level 1. HP: 17/17 MP: 1/1
   227 | D:1      | Reached XP level 2. HP: 5/23 MP: 2/2
   631 | D:1      | Reached skill level 1 in Armour
  1230 | D:2      | Reached XP level 3. HP: 15/29 MP: 3/3
  1669 | D:2      | Found a glowing silver altar of Zin.
  1844 | D:2      | Found an opulent altar of Gozag.
  1844 | D:2      | Found a shimmering altar of Xom.
  1849 | D:2      | Found a faded altar of an unknown god.
  1866 | D:2      | Found a sacrificial altar of Ru.
  1868 | D:2      | Found a faded altar of an unknown god.
  2203 | D:3      | Noticed Terence
  2212 | D:2      | Killed Terence
  2212 | D:2      | Reached XP level 4. HP: 22/36 MP: 4/4
  3155 | D:3      | Reached XP level 5. HP: 39/42 MP: 5/5
  3190 | D:3      | HP: 1/42 [orc priest/divine providence (16)]
  3194 | D:3      | Killed from afar by an orc priest

Illustrated notes

Levels and vault maps discovered:
D:1:      ncdulo_smallfort, layout_loops_ring, ebering_dispersal_statue_hall,
          dk_noncrumbling_2, minmay_unequal
D:2:      layout_rooms, zin_scriptorium, chequers_temple_overflow_minitemple
D:3:      layout_rooms, uniq_terence

Skill      XL: |  1  2  3  4 |
---------------+-------------+-----
Armour         | 1 2 |  2.9
Fighting       | 3 4 |  4.0
Dodging        | 3 |  3.6
Long Blades    | |  0.2
Crossbows      | |  4.0
Stealth        | |  0.8

Action                   |  1- 3 |  4- 6 || total
-------------------------+-------+-------++-------
Melee: Short sword       |    95 |     6 ||   101
       Falchion          |       |    25 ||    25
 Fire: Hand crossbow     |    12 |     1 ||    13
 Abil: Hop               |     1 |       ||     1
 Stab: Sleeping          |     1 |       ||     1
Armor: Leather armour    |     6 |       ||     6
       Ring mail         |    16 |       ||    16
       Scale mail        |     8 |    17 ||    25
Dodge: Dodged            |    73 |    20 ||    93
       Rpst.: Falchion   |       |     9 ||     9

Table legend: (Time is in decaauts)
 A = Elapsed time spent in this place.
 B = Non-inter-level travel time spent in this place.
 C = Inter-level travel time spent in this place.
 D = Time resting spent in this place.
 E = Time spent auto-exploring this place.
 F = Levels seen in this place.
 G = Mean time per level.
                   A        B        C        D        E       F      G
               +--------+--------+--------+--------+--------+-----+--------+
         Total |   3460 |   3340 |    120 |   1586 |   1333 |   3 | 1153.3 |
       Dungeon |   3460 |   3340 |    120 |   1586 |   1333 |   3 | 1153.3 |
               +--------+--------+--------+--------+--------+-----+--------+

Top non-repeatable levels by time:
     D:2: 1858 daAuts
     D:1: 1219 daAuts
     D:3: 382 daAuts
